 Dungeon Sprint DCSS version 0.26-a0-660-gc07710193c (webtiles) character file.

Game seed: 17384161315457168767

53 mhtbhm the Digger (level 3, 0/19 HPs)
             Began as a Deep Elf Earth Elementalist on Oct 8, 2020.
             Slain by a water elemental (19 damage)
             ... in the Dungeon (Sprint III: "The Ten Rune Challenge").
             The game lasted 00:01:05 (232 turns).

mhtbhm the Digger (Deep Elf Earth Elementalist)      Turns: 232, Time: 00:01:05

Health: 0/19       AC:  2    Str:  5    XL:     3   Next: 62%
Magic:  11/12      EV: 14    Int: 20    God:
Gold:   29         SH:  0    Dex: 17    Spells: 7/13 levels left

rFire    . . .     SeeInvis .   a - +1 dagger (elec)
rCold    . . .     Faith    .   (no shield)
rNeg     . . .     Spirit   .   c - +0 robe
rPois    .         Reflect  .   (helmet restricted)
rElec    .         Harm     .   (no cloak)
rCorr    .         Rampage  .   (no gloves)
MR       .....     NoTele   +   (no boots)
Stlth    +++.......             (no amulet)
HPRegen  0.06/turn              (no ring)
MPRegen  0.13/turn              (no ring)

@: no status effects
A: antennae 1, agile 1, sturdy frame 1
a: no special abilities


You were in the Dungeon.
You visited 1 branch You collected 29 gold pieces.

Inventory:

Hand Weapons
 a - a +1 dagger of electrocution (weapon)
Missiles
 b - 17 stones (quivered)
Armour
 c - a +0 robe (worn)
Scrolls
 i - a scroll of blinking
 k - 2 scrolls of immolation {unknown}
 l - a scroll of fog {unknown}
 m - 3 scrolls of identify
 o - a scroll of remove curse {unknown}
Potions
 d - 2 potions of curing
 e - 2 potions of heal wounds
 f - a potion of haste
 g - 2 potions of magic
 h - a potion of berserk rage
 j - a potion of mutation
 n - 4 potions of flight


   Skills:
 + Level 3.7 Dodging
 + Level 3.3 Stealth
 + Level 5.5 Spellcasting
 + Level 1.1 Transmutations
 + Level 6.8 Earth Magic


You had 7 spell levels left.
You knew the following spells:

 Your Spells              Type           Power        Failure   Level
a - Sandblast             Erth           ####..       1%          1
b - Passwall              Tmut/Erth      ###.....     3%          2
c - Stone Arrow           Conj/Erth      ###...       9%          3

Your spell library contained the following spells:

 Spells                   Type           Power        Failure   Level
 Lee's Rapid Deconstruct  Erth           ####......   19%         5
 Petrify                  Tmut/Erth      ###.....     22%         4


Dungeon Overview and Level Annotations

Branches:
Dungeon (1/1)

Altars:


Innate Abilities, Weirdness & Mutations

You have a pair of small antennae on your head.
You are agile. (Dex +2)
Your movements are slightly less encumbered by armour. (ER -2)


Message History

You enter the shallow water.
Moving in this stuff is going to be slow.
You enter the shallow water.
Moving in this stuff is going to be slow.
Okay, then.
You aren't carrying any pieces of jewellery.
Unknown command.
As you open the door, it creaks loudly!
A water elemental comes into view.
Casting: Sandblast (safe; 1% risk of failure)
Confirm with . or Enter, or press ? or * to list all spells.
Aiming: Sandblast (safe; 1% risk of failure)
Press: ? - help, Shift-Dir - straight line, f - water elemental
Aim: a water elemental The blast of sand hits the water elemental!!
The water elemental is almost destroyed.
b - 17 stones The water elemental hits you!!
Ouch! That really hurt!
You die...

▓▓▓▓▓▓▓▓▓▓▓▓ ▓▓▓
<.#..'...♣.♣♣ ♣.#
..#..#......♣ ♣.#
#'####......♣ ♣♣.#
.....#....≈.♣♣♣..# #+#+#
....†#...≈≈♣♣..♣.#......
.....#..≈≈≈≈.♣♣.@E.⌠....
####'#..≈≈≈≈≈≈...#...###
..[..#.≈≈≈≈≈≈....# ⌠.#
.....#.≈≈≈≈≈.....# .#
.....#.≈≈≈.......# #
'#####...........#
...........†.....#
▓▓▓▓▓▓▓▓▓▓▓▓▓▓▓▓▓▓


You could see a water elemental.

Vanquished Creatures
  Jessica (D)
  A human (D)
  An ooze (D)
  A phantom (D)
  A rat (D)
5 creatures vanquished.

Notes
Turn   | Place    | Note
-------+----------+-------------------------------------------
     0 | D        | mhtbhm the Deep Elf Earth Elementalist began the quest for
                  | the Orb.
     0 | D        | Reached XP level 1. HP: 10/10 MP: 6/6
     4 | D        | Reached skill level 4 in Earth Magic
    43 | D        | Noticed Jessica
    46 | D        | Killed Jessica
    46 | D        | Reached skill level 6 in Earth Magic
    46 | D        | Reached XP level 2. HP: 15/15 MP: 4/9
    46 | D        | Reached XP level 3. HP: 19/19 MP: 4/11
   115 | D        | Learned a level 2 spell: Passwall
   119 | D        | Learned a level 3 spell: Stone Arrow
   128 | D        | Reached skill level 5 in Spellcasting
   191 | D        | Gained mutation: Your body sometimes deteriorates upon
                  | taking damage. [potion of mutation]
   191 | D        | Gained mutation: You have a pair of small horns on your
                  | head. [potion of mutation]
   192 | D        | Lost mutation: You have a pair of small horns on your head.
                  | [potion of mutation]
   192 | D        | Lost mutation: Your body sometimes deteriorates upon taking
                  | damage. [potion of mutation]
   192 | D        | Gained mutation: Your movements are slightly less
                  | encumbered by armour. (ER -2) [potion of mutation]
   192 | D        | Gained mutation: You have a pair of small antennae on your
                  | head. [potion of mutation]
   192 | D        | Gained mutation: You are agile. (Dex +2) [potion of
                  | mutation]
   231 | D        | Noticed a water elemental
   232 | D        | Slain by a water elemental

Illustrated notes

Levels and vault maps discovered:
D:        dungeon_sprint_mu [sprint_mu_entry_forest, sprint_mu_temple_rooms,
          sprint_mu_d1_horrors, sprint_mu_d2_genie, sprint_mu_d3_branching,
          sprint_mu_orc_legion, sprint_mu_elf_gauntlet, sprint_mu_hive_nellie,
          sprint_mu_lair_fedhas, sprint_mu_vaults_butterflies,
          sprint_mu_slime_circle, sprint_mu_shoals_kraken,
          sprint_mu_snake_twists, sprint_mu_blade_basic, sprint_mu_crypt_lich,
          sprint_mu_tomb_spiral, sprint_mu_vestibule_basic,
          sprint_mu_gehenna_hellfire, sprint_mu_dis_giant,
          sprint_mu_tartarus_statrot, sprint_mu_cocytus_islands, sprint_mu_zot1]

Skill      XL: |  1  2  3 |
---------------+----------+-----
Earth Magic    | 6 |  6.8
Dodging        | 3 |  3.7
Stealth        | 3 |  3.3
Spellcasting   | 4 5 |  5.5
Transmutations | |  1.1

Action                   || total
-------------------------++-------
Melee: Dagger            ||     1
 Cast: Sandblast         ||    13
  Use: Potion            ||     2
Armor: Robe              ||     1
Dodge: Dodged            ||     2

Table legend: (Time is in decaauts)
 A = Elapsed time spent in this place.
 B = Non-inter-level travel time spent in this place.
 C = Inter-level travel time spent in this place.
 D = Time resting spent in this place.
 E = Time spent auto-exploring this place.
 F = Levels seen in this place.
 G = Mean time per level.
                   A        B        C        D        E       F      G
               +--------+--------+--------+--------+--------+-----+--------+
         Total |    235 |    235 |      0 |    118 |      0 |   1 |  235.0 |
       Dungeon |    235 |    235 |      0 |    118 |      0 |   1 |  235.0 |
               +--------+--------+--------+--------+--------+-----+--------+

Top non-repeatable levels by time:
       D: 235 daAuts
